 Dungeon Crawl Stone Soup version 0.25.1-2-g60ff931df9 (webtiles) character file.

Game seed: 9375617154080147621

93 raphaelitos the Vexing (level 4, -2/22 HPs)
             Began as a Deep Elf Arcane Marksman on Oct 1, 2020.
             Was an Initiate of Hepliaklqana.
             Slain by a hound (4 damage)
             ... on level 6 of the Dungeon.
             The game lasted 00:07:00 (2968 turns).

raphaelitos the Vexing (Deep Elf Arcane Marksman)   Turns: 2968, Time: 00:07:01

Health: -2/22      AC:  2    Str:  7    XL:     4   Next: 36%
Magic:  6/10       EV: 13    Int: 18    God:    Hepliaklqana [......]
Gold:   140        SH:  0    Dex: 16    Spells: 6/9 levels left

rFire    . . .     SeeInvis .   a - +0 shortbow
rCold    . . .     Gourm    .   (shield currently unavailable)
rNeg     . . .     Faith    .   e - +0 robe
rPois    .         Spirit   .   (no helmet)
rElec    .         Reflect  .   (no cloak)
rCorr    .         Harm     .   (no gloves)
MR       .....                  (no boots)
Stlth    ++........             (no amulet)
HPRegen  0.07/turn              (no ring)
MPRegen  0.12/turn              (no ring)

@: no status effects
A: reduced essence
a: Recall Ancestor, Ancestor Identity, Renounce Religion


You were on level 6 of the Dungeon.
You worshipped Hepliaklqana.
Hepliaklqana was noncommittal.
You were not hungry.

You visited 1 branch of the dungeon, and saw 4 of its levels.

You collected 140 gold pieces.

Inventory:

Hand Weapons
 a - a +0 shortbow (weapon)
Missiles
 d - 17 arrows (quivered)
 h - 22 bolts
 x - 5 poisoned darts
Armour
 e - a +0 robe (worn)
Jewellery
 i - a +6 ring of intelligence
Scrolls
 b - a scroll of identify
 j - a scroll of immolation {unknown}
 k - a scroll of noise {unknown}
 l - a scroll of teleportation {unknown}
 p - a scroll of amnesia {unknown}
 r - a scroll of remove curse {unknown}
 s - a scroll of blinking {unknown}
 u - 2 scrolls of random uselessness {unknown}
Potions
 c - a potion of might {unknown}
 m - a potion of brilliance {unknown}
 n - a potion of curing {unknown}
 o - a potion of heal wounds {unknown}
 q - 2 potions of ambrosia {unknown}
 t - a potion of resistance {unknown}
 v - a potion of flight {unknown}
Comestibles
 f - 3 rations
 w - 4 chunks of flesh


   Skills:
 + Level 1.1 Fighting
 + Level 3.3 Bows
 + Level 2.5 Dodging
 + Level 0.2 Stealth
 + Level 3.1 Spellcasting
 + Level 5.0 Hexes


You had 6 spell levels left.
You knew the following spells:

 Your Spells              Type           Power        Failure   Level  Hunger
a - Corona                Hex            ###....      1%          1    None
b - Slow                  Hex            ###.....     3%          2    ##.....

Your spell library contained the following spells:

 Spells                   Type           Power        Failure   Level  Hunger
 Inner Flame              Hex/Fire       ##......     17%         3    ###....
 Portal Projectile        Hex/Tloc       ##....       17%         3    ###....
 Cause Fear               Hex            ###.......   21%         4    ####...
 Leda's Liquefaction      Hex/Erth       ##........   50%         4    ####...


Dungeon Overview and Level Annotations

Branches:
Dungeon (3/15)

Altars:
Hepliaklqana


Message History

Aim: a hound (moderately wounded, slow) Really fire in your ally Londisizwe's direction?
Okay, then.
Unknown command.
Firing (i - inventory. (/) - cycle)
d - 18 arrows (quivered)
Press: ? - help, Shift-Dir - straight line, f - orc, p - hound
Aim: an orc, wielding a +0 hand axe and wearing a +0 leather armour You shoot an arrow.
The arrow closely misses the orc.
An orc warrior comes into view. It is wielding a +0 flail.
The hound bites you.
* * * LOW HITPOINT WARNING * * *
As you read the scroll labeled FAUMEC YREOJIA, it crumbles to dust.
It is a scroll of identify.
i - a +6 ring of intelligence The hound bites you.
* * * LOW HITPOINT WARNING * * *
Londisizwe closely misses the hound.
It was a potion of cancellation.
You feel magically purged. The hound bites you.
You die...

#..# #..#.#...
#..# #........
#..#####.##.####
#...R<......(...
#.###.##....####
#.# #.#######
#R# #.# #h# ...
#@# ### #.# #.#
#.# #o# .o. ..#
.(.


You could see the friendly Londisizwe the ancestor, an orc warrior, a hound
(slow) and an orc.

Vanquished Creatures
  4 adders
  An ooze (D:2)
  A worm (D:3)
  A dart slug (D:2)
  4 giant cockroaches
  10 goblins
  5 hobgoblins
  A quokka (D:2)
  6 bats
  4 frilled lizards
  6 kobolds
  7 rats
50 creatures vanquished.

Notes
Turn   | Place    | Note
-------+----------+-------------------------------------------
     0 | D:1      | raphaelitos the Deep Elf Arcane Marksman began the quest
                  | for the Orb.
     0 | D:1      | Reached XP level 1. HP: 11/11 MP: 5/5
   254 | D:1      | Reached XP level 2. HP: 11/16 MP: 7/7
   854 | D:1      | Learned a level 2 spell: Slow
  1574 | D:2      | Reached XP level 3. HP: 20/20 MP: 6/8
  1615 | D:2      | Reached skill level 1 in Fighting
  2351 | D:2      | Reached XP level 4. HP: 25/25 MP: 6/10
  2676 | D:3      | Reached skill level 5 in Hexes
  2866 | D:3      | Found a hazy altar of Hepliaklqana.
  2894 | D:3      | Became a worshipper of Hepliaklqana the Forgotten
  2935 | D:3      | You fall into a shaft and drop 3 floors!
  2966 | D:6      | Noticed an orc warrior
  2968 | D:6      | Slain by a hound

Illustrated notes

Levels and vault maps discovered:
D:1:      roderic_dead_forest, layout_basic, chequers_serial_rivers_micro_b,
          minmay_splitting_lines, corexii_corridor_pit
D:2:      layout_basic
D:3:      layout_rooms, lemuel_doored_altar, eat_drink_and_be_merry_uskayaw,
          trog_book
D:6:      layout_basic, old_standard_altar, uniq_edmund

Skill      XL: |  1  2  3  4 |
---------------+-------------+-----
Spellcasting   | 2 3 |  3.1
Fighting       | 1 |  1.1
Bows           | 3 |  3.3
Hexes          | 5 |  5.0
Dodging        | |  2.5
Stealth        | |  0.2

Action                   |  1- 3 |  4- 6 || total
-------------------------+-------+-------++-------
 Fire: Shortbow          |   119 |    32 ||   151
 Cast: Corona            |    33 |     7 ||    40
       Slow              |     6 |     4 ||    10
Invok: Recall Ancestor   |       |     1 ||     1
  Use: Scroll            |       |     1 ||     1
       Potion            |       |     1 ||     1
  Eat: Chunk             |     5 |     2 ||     7
Armor: Robe              |    19 |     1 ||    20
Dodge: Dodged            |    47 |    13 ||    60
